[Event "Titled Tuesday Blitz June 27 Early 2023"]
[White "Nakamura, Hikaru"]
[Black "Serban, Cristian-Stefan"]
[WhiteFideId "2016192"]
[BlackFideId "1241443"]
[WhiteElo "3252"]
[BlackElo "2556"]
[Result "1-0"]
[Round "1"]
[TimeControl "180+2"]
[Date "2023.06.27"]
[WhiteClock "0:01:58"]
[BlackClock "0:00:00"]
[Board "1"]

1. e4 g6 2. d4 Bg7 3. Nc3 a6 4. h4 h5 5. Nh3 c6 6. Bc4 e6 7. e5 Ne7 8. Ne4 Nf5 9. Bg5 Qb6 10. c3 Qc7 11. Nf6+ Bxf6 12. Bxf6 Rg8 13. Bd3 d5 14. exd6 Qxd6 15. Bxf5 exf5 16. Be5 Qe7 17. O-O Be6 18. Re1 Nd7 19. Bg3 O-O-O 20. Qd2 Nf8 21. Qf4 Kd7 22. Ng5 Ke8 23. Re2 Qd7 24. Rae1 Qd5 25. b3 b5 26. Re5 1-0


[Site "https://www.chess.com"]

[Event "Titled Tuesday Blitz June 27 Early 2023"]
[White "Skuhala, Jernej"]
[Black "Firouzja, Alireza"]
[WhiteFideId "14605651"]
[BlackFideId "12573981"]
[WhiteElo "2556"]
[BlackElo "3127"]
[Result "1/2-1/2"]
[Round "1"]
[TimeControl "180+2"]
[Date "2023.06.27"]
[WhiteClock "0:00:21"]
[BlackClock "0:00:04"]
[Board "2"]

1. e4 e6 2. Nf3 b6 3. Nc3 Bb7 4. d4 Bb4 5. Bd3 d5 6. exd5 Qxd5 7. O-O Bxc3 8. bxc3 Nd7 9. Re1 Ngf6 10. c4 Qh5 11. Ne5 Qxd1 12. Rxd1 Nxe5 13. dxe5 Nd7 14. f4 O-O-O 15. Ba3 h6 16. Kf2 Bc6 17. g3 Kb7 18. Rd2 f6 19. Be7 Rde8 20. exf6 gxf6 21. Bb4 f5 22. Bc3 Rhg8 23. Re1 Nc5 24. Bd4 Ne4+ 25. Bxe4 Bxe4 26. Bf6 Rg6 27. Be5 Bc6 28. Red1 Rgg8 29. c3 h5 30. Bf6 Rgf8 31. Be5 Rg8 32. Bf6 Ref8 33. Be5 h4 34. Rg1 hxg3+ 35. Rxg3 Rxg3 36. Kxg3 Rg8+ 37. Kf2 Rg2+ 38. Ke3 Rg1 39. Rd8 Rg2 40. Rh8 Rxa2 41. h4 a5 42. Rh7 Be4 43. Rxc7+ Ka6 44. Rd7 Rh2 45. Rd6 a4 46. c5 a3 47. Rxb6+ Ka5 48. Bc7 a2 49. Rb4+ Ka6 50. Ra4+ Kb7 51. Be5 Bc6 52. Ra3 Bd5 53. Ra5 Bc4 54. Kd4 Rh1 55. Kxc4 a1=Q 56. Rxa1 Rxa1 57. Bd6 Kc6 58. Kd4 Re1 59. Kd3 Kd5 60. c4+ Kc6 61. Kd4 Kd7 62. Kd3 Rh1 63. Kd4 Rxh4 64. Ke5 Rh6 65. Bf8 Rg6 66. Bd6 Kc6 67. Bf8 Kd7 68. Bd6 Rg2 69. Kf6 Re2 70. Be5 Rh2 71. c6+ Kxc6 72. Kxe6 Rh5 73. Kf6 Kc5 74. Kg6 Rh1 75. Kxf5 Kxc4 76. Ke4 Re1+ 77. Kf5 Kd5 78. Bf6 Re8 79. Be5 Rf8+ 80. Bf6 Kd6 81. Kg6 Kd7 82. f5 Ke8 83. Bg7 Rf7 84. Bf6 Kf8 85. Bg5 Rg7+ 86. Kf6 Rf7+ 87. Kg6 Kg8 88. Bh6 Ra7 89. f6 Ra6 90. Bg7 Rc6 91. Bh6 Rxf6+ 92. Kxf6 1/2-1/2


[Site "https://www.chess.com"]

[Event "Titled Tuesday Blitz June 27 Early 2023"]
[White "So, Wesley"]
[Black "Salman, Pavel"]
[WhiteFideId "5202213"]
[BlackFideId "24153753"]
[WhiteElo "3102"]
[BlackElo "2554"]
[Result "1-0"]
[Round "1"]
[TimeControl "180+2"]
[Date "2023.06.27"]
[WhiteClock "0:00:27"]
[BlackClock "0:00:14"]
[Board "3"]

1. d4 Nf6 2. c4 c5 3. d5 b5 4. cxb5 a6 5. e3 axb5 6. Bxb5 Qa5+ 7. Nc3 Bb7 8. Bd2 Qb6 9. Nf3 Nxd5 10. a4 e6 11. e4 Nxc3 12. Bxc3 Be7 13. O-O O-O 14. Re1 Bc6 15. Bxc6 Qxc6 16. Ne5 Qc7 17. Re3 f6 18. Nc4 Nc6 19. Rh3 g6 20. Qd2 Rf7 21. Rd3 Bf8 22. h4 Ne5 23. Bxe5 fxe5 24. a5 Rf4 25. Rxd7 Qc6 26. f3 Rxh4 27. Nxe5 Qb5 28. Ng4 Bg7 29. Rxg7+ Kxg7 30. Qc3+ Kg8 31. Qf6 Rh5 32. Qxe6+ Kh8 33. Qf6+ Kg8 34. Rd1 Qxa5 35. Qe6+ Kh8 36. Qf6+ Kg8 37. Qe7 c4 38. Nf6+ Kh8 39. Nxh5 gxh5 40. Qf6+ Kg8 41. e5 Qc5+ 42. Kh2 h4 43. Rd7 Qf8 44. Qxh4 Re8 1-0


[Site "https://www.chess.com"]

[Event "Titled Tuesday Blitz June 27 Early 2023"]
[White "chess123456s"]
[Black "Mamedov, Rauf"]
[BlackFideId "13401653"]
[WhiteElo "2554"]
[BlackElo "3076"]
[Result "0-1"]
[Round "1"]
[TimeControl "180+2"]
[Date "2023.06.27"]
[WhiteClock "0:00:32"]
[BlackClock "0:01:58"]
[Board "4"]

1. d4 Nf6 2. Nc3 d5 3. Bf4 Bf5 4. e3 e6 5. Nf3 Bd6 6. Ne5 h6 7. Bd3 Bxd3 8. cxd3 O-O 9. O-O Nbd7 10. Rc1 a6 11. Qf3 Qe7 12. Rfe1 Rac8 13. Na4 c5 14. Nxd7 Nxd7 15. Bxd6 Qxd6 16. Nxc5 Nxc5 17. dxc5 Rxc5 18. d4 Rc6 19. Rxc6 Qxc6 20. h4 Qc2 21. Qe2 Rc8 22. g3 Qe4 23. Rd1 g6 24. a3 Kg7 25. Kh2 g5 26. h5 g4 27. Kg1 Qf5 28. Qd2 Rc2 29. Qe1 Rxb2 30. Rb1 Rxb1 31. Qxb1 Qxb1+ 0-1


[Site "https://www.chess.com"]

[Event "Titled Tuesday Blitz June 27 Early 2023"]
[White "Sevian, Samuel"]
[Black "Mamedov, Edgar"]
[WhiteFideId "2040506"]
[BlackFideId "13739980"]
[WhiteElo "3075"]
[BlackElo "2553"]
[Result "1-0"]
[Round "1"]
[TimeControl "180+2"]
[Date "2023.06.27"]
[WhiteClock "0:02:10"]
[BlackClock "0:00:01"]
[Board "5"]

1. d3 d5 2. Nf3 Nf6 3. c4 c6 4. e3 e6 5. Nc3 Nbd7 6. Qc2 Bd6 7. Be2 O-O 8. O-O e5 9. b3 Re8 10. Bb2 Nf8 11. cxd5 cxd5 12. Nb5 Bb8 13. Rac1 Bg4 14. h3 Bh5 15. g4 Bg6 16. Nc7 Bxc7 17. Qxc7 e4 18. dxe4 dxe4 19. Nd4 Re7 20. Qxd8 Rxd8 21. Rfd1 a6 22. g5 Nd5 23. h4 h5 24. gxh6 gxh6 25. h5 Bh7 26. Kh2 f6 27. Rg1+ Kh8 28. Bc4 Re5 29. Be2 Nb4 30. Rc7 Nd3 31. Ba1 Nxf2 32. Rf7 Nd7 33. Rgg7 Bg8 34. Rxd7 Rxd7 35. Rxd7 Rg5 36. Rxb7 Ng4+ 37. Bxg4 Rxg4 38. Nf5 1-0


[Site "https://www.chess.com"]

[Event "Titled Tuesday Blitz June 27 Early 2023"]
[White "Ambartsumova, Karina"]
[Black "Oparin, Grigoriy"]
[WhiteFideId "4166299"]
[BlackFideId "24125890"]
[WhiteElo "2553"]
[BlackElo "3046"]
[Result "1-0"]
[Round "1"]
[TimeControl "180+2"]
[Date "2023.06.27"]
[WhiteClock "0:00:10"]
[BlackClock "0:00:00"]
[Board "6"]

1. Nf3 c6 2. c4 d5 3. d4 e6 4. g3 Nf6 5. Bg2 dxc4 6. Ne5 Be7 7. Nc3 O-O 8. Nxc4 b6 9. O-O Bb7 10. Ne5 Nd5 11. e4 Nxc3 12. bxc3 Nd7 13. Nd3 c5 14. d5 c4 15. Nf4 Nc5 16. Be3 e5 17. Ne2 Bd6 18. f4 Qe7 19. f5 f6 20. Kh1 b5 21. Bf3 a5 22. g4 b4 23. Rg1 Nd3 24. Qd2 Bc5 25. g5 Ra6 26. Rg2 fxg5 27. Bxg5 Qf7 28. Be3 Bxe3 29. Qxe3 Kh8 30. Rag1 Rg8 31. Ng3 Rh6 32. Ne2 Rh3 33. Rg3 Rxg3 34. Rxg3 Qc7 35. Qg5 Qd6 36. Bh5 Qf6 37. Qe3 Bc8 38. Kg2 Bd7 39. Bg6 h6 40. Rh3 Rc8 41. Rxh6+ Kg8 42. Rh3 1-0


[Site "https://www.chess.com"]

[Event "Titled Tuesday Blitz June 27 Early 2023"]
[White "Pranav, V"]
[Black "Tologon tegin, Semetei"]
[WhiteFideId "25060783"]
[BlackFideId "13800574"]
[WhiteElo "3035"]
[BlackElo "2549"]
[Result "1-0"]
[Round "1"]
[TimeControl "180+2"]
[Date "2023.06.27"]
[WhiteClock "0:00:56"]
[BlackClock "0:00:01"]
[Board "7"]

1. e4 c5 2. Nf3 Nc6 3. Bb5 d6 4. c3 Nf6 5. d3 Bg4 6. O-O e5 7. Nbd2 Be7 8. h3 Bh5 9. Qa4 Qc7 10. Re1 O-O 11. Qd1 a6 12. Ba4 b5 13. Bc2 Rad8 14. Nf1 d5 15. Qe2 d4 16. g4 Bg6 17. Ng3 Rd7 18. Nf5 Rfd8 19. cxd4 Nxd4 20. N3xd4 cxd4 21. Bb3 Bb4 22. Rf1 Bxf5 23. gxf5 Ne8 24. Kh1 Kh8 25. Rg1 Bf8 26. Qh5 Nf6 27. Qh4 Qd6 28. Bg5 Rc7 29. Rg2 h6 30. Rag1 Rdc8 31. Be6 fxe6 32. Bxf6 exf5 33. Qxh6+ Kg8 34. Rxg7+ Bxg7 35. Rxg7+ Rxg7 36. Qxg7# 1-0


[Site "https://www.chess.com"]

[Event "Titled Tuesday Blitz June 27 Early 2023"]
[White "Alinasab, Mobina"]
[Black "Lazavik, Denis"]
[WhiteFideId "12528897"]
[BlackFideId "13515110"]
[WhiteElo "2549"]
[BlackElo "3027"]
[Result "0-1"]
[Round "1"]
[TimeControl "180+2"]
[Date "2023.06.27"]
[WhiteClock "0:00:00"]
[BlackClock "0:00:54"]
[Board "8"]

1. e4 c5 2. Nf3 e6 3. d4 cxd4 4. Nxd4 Nc6 5. Nc3 Qc7 6. g3 a6 7. Bg2 Bc5 8. Nb3 Ba7 9. O-O Nf6 10. Re1 d6 11. Bf4 Ne5 12. Qe2 b5 13. a4 b4 14. Nd1 O-O 15. Be3 a5 16. Bxa7 Rxa7 17. Ne3 Bb7 18. f3 Ba6 19. Qd2 Rd8 20. f4 Nc4 21. Nxc4 Bxc4 22. Nd4 Qb6 23. Kh1 Rc7 24. h3 h6 25. Kh2 Ba6 26. Rad1 Rdc8 27. e5 dxe5 28. fxe5 Nd7 29. Qf4 Nf8 30. Be4 Rd7 31. Nb3 Rcd8 32. Rxd7 Rxd7 33. Qe3 Qc7 34. Nd4 Bc4 35. c3 Qb6 36. Nf5 Qxe3 37. Nxe3 Rd2+ 38. Kg1 Ba6 39. cxb4 axb4 40. b3 Nd7 41. Ng4 Nc5 0-1


[Site "https://www.chess.com"]

[Event "Titled Tuesday Blitz June 27 Early 2023"]
[White "Sarana, Alexey"]
[Black "Ismagilov, Damir"]
[WhiteFideId "24133795"]
[BlackFideId "34199982"]
[WhiteElo "3023"]
[BlackElo "2547"]
[Result "1-0"]
[Round "1"]
[TimeControl "180+2"]
[Date "2023.06.27"]
[WhiteClock "0:00:25"]
[BlackClock "0:00:00"]
[Board "9"]

1. d4 Nf6 2. c4 e6 3. Nf3 b6 4. g3 c6 5. Bg2 d5 6. O-O Be7 7. Nc3 O-O 8. Ne5 Ba6 9. Qa4 Qe8 10. Qb3 Bb7 11. Bf4 Nbd7 12. e4 dxe4 13. Nxe4 Nxe5 14. Nxf6+ Bxf6 15. dxe5 Be7 16. Rad1 Qc8 17. Qf3 Rb8 18. Qg4 Kh8 19. Be4 c5 20. Bc2 Qc6 21. f3 Rbd8 22. Be3 Rxd1 23. Rxd1 Rd8 24. Rxd8+ Bxd8 25. Kf2 Be7 26. b3 Qc7 27. Qf4 Kg8 28. h4 h6 29. Bd2 Qd7 30. Bc3 a5 31. Ke2 Bc6 32. Qg4 a4 33. Bd2 Kh8 34. Be4 axb3 35. axb3 Qc7 36. Qf4 Qb7 37. Bxc6 Qxc6 38. Qxf7 Qd7 39. Be3 b5 40. h5 bxc4 41. bxc4 Qb7 42. Bd2 Qc7 43. Qxe6 Qb7 44. Qd5 Qc7 45. f4 Qc8 46. e6 Qe8 47. Bc3 Qxh5+ 48. Qxh5 1-0


[Site "https://www.chess.com"]

[Event "Titled Tuesday Blitz June 27 Early 2023"]
[White "Bilan, Danila"]
[Black "Theodorou, Nikolas"]
[WhiteFideId "24161918"]
[BlackFideId "4262875"]
[WhiteElo "2545"]
[BlackElo "3013"]
[Result "0-1"]
[Round "1"]
[TimeControl "180+2"]
[Date "2023.06.27"]
[WhiteClock "0:00:00"]
[BlackClock "0:01:10"]
[Board "10"]

1. d4 Nf6 2. Nf3 g6 3. Bg5 Bg7 4. c3 O-O 5. Nbd2 h6 6. Bh4 d6 7. e4 c5 8. dxc5 dxc5 9. Bc4 Nc6 10. a4 Nh5 11. Qc2 Qc7 12. O-O Bg4 13. Rfe1 Rad8 14. Bg3 Nxg3 15. hxg3 g5 16. Nf1 e6 17. Ne3 Bh5 18. Rad1 a6 19. Rxd8 Rxd8 20. Rd1 Bg6 21. Rxd8+ Qxd8 22. Nd2 h5 23. Qd3 Qe7 24. Qe2 g4 25. Nef1 Ne5 26. Ba2 h4 27. gxh4 Qxh4 28. g3 Qh3 29. Nh2 Bh6 30. Ndf1 Bh5 31. Ne3 Bxe3 32. Qxe3 Nf3+ 33. Nxf3 gxf3 34. Qg5+ Kh7 0-1


[Site "https://www.chess.com"]

[Event "Titled Tuesday Blitz June 27 Early 2023"]
[White "Korobov, Anton"]
[Black "Rodchenkov, Sergey D."]
[WhiteFideId "14105730"]
[BlackFideId "4168712"]
[WhiteElo "3006"]
[BlackElo "2541"]
[Result "0-1"]
[Round "1"]
[TimeControl "180+2"]
[Date "2023.06.27"]
[WhiteClock "0:00:54"]
[BlackClock "0:00:22"]
[Board "11"]

1. d4 d5 2. c4 dxc4 3. Nf3 Nf6 4. e3 e6 5. Bxc4 a6 6. O-O c5 7. Qe2 Nbd7 8. Rd1 b5 9. Bb3 Bb7 10. a4 c4 11. Bc2 Be7 12. e4 O-O 13. Nc3 b4 14. e5 Nd5 15. Ne4 Rc8 16. Neg5 g6 17. Qe4 h6 18. Nxe6 Qb6 19. Nxf8 Nxf8 20. Qg4 h5 21. Qg3 b3 22. Be4 c3 23. Bg5 cxb2 24. Rab1 Nc3 25. Bd3 Nxd1 26. Rxd1 Bxf3 27. gxf3 Bxg5 28. Qxg5 Qxd4 29. Kg2 Ne6 30. Qe7 Nf4+ 31. Kg3 Nxd3 32. e6 Qe5+ 33. Kg2 Nf4+ 34. Kh1 0-1


[Site "https://www.chess.com"]

[Event "Titled Tuesday Blitz June 27 Early 2023"]
[White "Adla, Diego"]
[Black "Terry, Renato"]
[WhiteFideId "100072"]
[BlackFideId "3803457"]
[WhiteElo "2539"]
[BlackElo "3000"]
[Result "0-1"]
[Round "1"]
[TimeControl "180+2"]
[Date "2023.06.27"]
[WhiteClock "0:01:01"]
[BlackClock "0:00:22"]
[Board "12"]

1. e4 e6 2. d4 d5 3. Nd2 Be7 4. Ngf3 Nf6 5. Bd3 c5 6. c3 Nc6 7. e5 Nd7 8. O-O g5 9. dxc5 Ndxe5 10. Nxe5 Nxe5 11. Bb5+ Bd7 12. Bxd7+ Qxd7 13. Re1 Nd3 14. Re2 Nxc5 15. Nb3 Ne4 16. f3 Nd6 17. Be3 Nc4 18. Bf2 O-O 19. Qd4 e5 20. Qd3 b6 21. Rd1 Rad8 22. h3 f6 23. Kh1 Kg7 24. Rde1 Rfe8 25. Nc1 Bf8 26. b3 Na5 27. Rd1 Qf7 28. Be1 Nb7 29. Qf5 Nd6 30. Qd3 Nb7 31. Qf5 Qe6 32. Qc2 Rd7 33. Nd3 Qf7 34. Nf2 Nc5 35. Ng4 Qg6 36. Ne3 Red8 37. Nf5+ Kg8 38. g4 Ne6 39. Bg3 Ng7 40. Nxg7 Qxc2 41. Rxc2 Kxg7 42. Rcd2 Kf7 43. Kg2 Kg6 44. h4 h6 45. hxg5 hxg5 46. c4 d4 47. Rc2 d3 48. Rcd2 Bb4 49. Rb2 d2 50. Kf2 Rd3 51. Ke2 e4 0-1


[Site "https://www.chess.com"]

[Event "Titled Tuesday Blitz June 27 Early 2023"]
[White "Martinez Alcantara, Jose Eduardo"]
[Black "Jimenez Almeida, Luis David"]
[WhiteFideId "3805662"]
[BlackFideId "22242244"]
[WhiteElo "2995"]
[BlackElo "2537"]
[Result "1-0"]
[Round "1"]
[TimeControl "180+2"]
[Date "2023.06.27"]
[WhiteClock "0:01:03"]
[BlackClock "0:00:05"]
[Board "13"]

1. e4 c5 2. Nf3 e6 3. c3 d5 4. e5 Nc6 5. d4 Qb6 6. Be2 Bd7 7. O-O Nh6 8. Na3 Nf5 9. Nc2 cxd4 10. cxd4 Be7 11. a3 O-O 12. Bd3 f6 13. Bxf5 exf5 14. exf6 Bxf6 15. b4 a5 16. Bg5 Bxg5 17. Nxg5 axb4 18. axb4 h6 19. Nf3 f4 20. Rxa8 Rxa8 21. Qd3 Rf8 22. Qb3 Be6 23. Re1 Bf7 24. h3 Na5 25. Qa4 Nc4 26. Qd7 Qc6 27. Qxc6 bxc6 28. Ne5 Nxe5 29. dxe5 Rb8 30. Ra1 Bg6 31. Nd4 Rxb4 32. Nxc6 Rb1+ 33. Rxb1 Bxb1 34. Ne7+ Kf7 35. Nxd5 g5 36. Nc7 Be4 37. Kh2 Kg6 38. f3 Bc6 39. h4 Kf5 40. hxg5 hxg5 41. e6 g4 42. e7 gxf3 43. gxf3 Kf6 44. e8=Q Bxe8 45. Nxe8+ Ke7 46. Nc7 Kd6 47. Na6 Kc6 48. Kh3 Kb5 49. Kg4 Kxa6 50. Kxf4 1-0


[Site "https://www.chess.com"]

[Event "Titled Tuesday Blitz June 27 Early 2023"]
[White "Chor, Kevin"]
[Black "Tabatabaei, M. Amin"]
[WhiteFideId "2090740"]
[BlackFideId "12521213"]
[WhiteElo "2535"]
[BlackElo "2995"]
[Result "0-1"]
[Round "1"]
[TimeControl "180+2"]
[Date "2023.06.27"]
[WhiteClock "0:00:04"]
[BlackClock "0:00:36"]
[Board "14"]

1. e4 c5 2. Nf3 d6 3. d4 cxd4 4. Nxd4 Nf6 5. Nc3 a6 6. Be2 e5 7. Nb3 Be7 8. Be3 Be6 9. Nd5 Nbd7 10. Qd3 O-O 11. O-O Bxd5 12. exd5 Rc8 13. c4 b6 14. Nd2 a5 15. b3 Ne8 16. a3 f5 17. f3 Bg5 18. b4 Bxe3+ 19. Qxe3 Nef6 20. Rac1 Qc7 21. Nb3 axb4 22. axb4 f4 23. Qd3 Ra8 24. Ra1 g6 25. Rfc1 Qb7 26. Qc3 Rfc8 27. Bd3 Nxd5 28. Qd2 Rxa1 29. Rxa1 Ne3 30. Rc1 Nf6 31. Be2 Qe7 32. Qd3 Kg7 33. Nd2 d5 34. Rc3 Qxb4 35. Rb3 dxc4 36. Rxb4 cxd3 37. Bxd3 Rc1+ 38. Kf2 Nfd5 39. Re4 Nd1+ 40. Kf1 N5e3+ 41. Ke2 Nc3+ 42. Kf2 Nxe4+ 43. Nxe4 Nd1+ 0-1


[Site "https://www.chess.com"]

[Event "Titled Tuesday Blitz June 27 Early 2023"]
[White "Paravyan, David"]
[Black "Thecourseoisildur"]
[WhiteFideId "4194985"]
[WhiteElo "2993"]
[BlackElo "2535"]
[Result "1-0"]
[Round "1"]
[TimeControl "180+2"]
[Date "2023.06.27"]
[WhiteClock "0:01:17"]
[BlackClock "0:00:00"]
[Board "15"]

1. e4 c5 2. Nf3 d6 3. d4 cxd4 4. Nxd4 Nf6 5. Nc3 a6 6. f3 e5 7. Nb3 Be6 8. Be3 h5 9. Nd5 Bxd5 10. exd5 Nbd7 11. Qd2 g6 12. O-O-O Bg7 13. Kb1 O-O 14. h4 Qc7 15. g4 Rac8 16. g5 Nh7 17. Bh3 Rfe8 18. c4 b6 19. Rc1 Nhf8 20. Rhf1 a5 21. Na1 Qb7 22. Qe2 Rb8 23. Nc2 Nc5 24. Na3 e4 25. f4 Nd3 26. Rc2 Qe7 27. Nb5 Rbc8 28. f5 gxf5 29. Bxf5 Ng6 30. Nd4 Qe5 31. Qxh5 1-0


[Site "https://www.chess.com"]

[Event "Titled Tuesday Blitz June 27 Early 2023"]
[White "kuanysh1981"]
[Black "Narayanan.S.L"]
[BlackFideId "5058422"]
[WhiteElo "2533"]
[BlackElo "2989"]
[Result "0-1"]
[Round "1"]
[TimeControl "180+2"]
[Date "2023.06.27"]
[WhiteClock "0:01:03"]
[BlackClock "0:01:47"]
[Board "16"]

1. d4 d5 2. Nf3 Bf5 3. g3 Nc6 4. Bg2 Qd7 5. c4 dxc4 6. Nc3 Nf6 7. O-O O-O-O 8. Qa4 Kb8 9. Qxc4 e6 10. Ne5 Nxe5 11. dxe5 Nd5 12. Nxd5 exd5 13. Qb3 Bc5 14. Bg5 c6 15. Bxd8 Rxd8 16. Rac1 Bb6 17. Kh1 h5 18. h4 g5 19. Qb4 gxh4 20. Qxh4 Bg4 21. e4 d4 22. f3 Be6 23. b3 d3 24. Rfd1 d2 25. Rc2 Be3 26. Bf1 a5 27. Be2 Qd4 28. Kg2 Rg8 29. Qxh5 Bf4 30. g4 a4 31. Bc4 axb3 32. axb3 Bxc4 33. Rxc4 Qe3 34. Rf1 Qe2+ 35. Rf2 d1=Q 0-1


[Site "https://www.chess.com"]

[Event "Titled Tuesday Blitz June 27 Early 2023"]
[White "Hakobyan, Aram"]
[Black "Kazakov, Mikhail"]
[WhiteFideId "13306677"]
[BlackFideId "14102749"]
[WhiteElo "2987"]
[BlackElo "2532"]
[Result "1-0"]
[Round "1"]
[TimeControl "180+2"]
[Date "2023.06.27"]
[WhiteClock "0:01:48"]
[BlackClock "0:00:19"]
[Board "17"]

1. d4 Nf6 2. c4 e6 3. Nc3 Bb4 4. e3 O-O 5. a3 Bxc3+ 6. bxc3 d5 7. cxd5 exd5 8. Bd3 c5 9. Ne2 b6 10. O-O Ba6 11. Ng3 Bxd3 12. Qxd3 Nc6 13. f3 Rc8 14. Bb2 cxd4 15. cxd4 h5 16. Rae1 g6 17. e4 h4 18. Nh1 Qd7 19. Nf2 Nh5 20. Qe3 Kh7 21. Ng4 Rh8 22. Qh6+ Kg8 23. Qxh5 Rxh5 24. Nf6+ Kg7 25. Nxd7 Rd8 26. Ne5 1-0


[Site "https://www.chess.com"]

[Event "Titled Tuesday Blitz June 27 Early 2023"]
[White "Lehtosaari, Mauri"]
[Black "Andreikin, Dmitry"]
[WhiteFideId "501999"]
[BlackFideId "4158814"]
[WhiteElo "2531"]
[BlackElo "2986"]
[Result "0-1"]
[Round "1"]
[TimeControl "180+2"]
[Date "2023.06.27"]
[WhiteClock "0:00:52"]
[BlackClock "0:02:04"]
[Board "18"]

1. d4 Nf6 2. Nf3 g6 3. Ne5 Bg7 4. f4 d6 5. Nd3 c5 6. c3 Nc6 7. e3 O-O 8. Be2 cxd4 9. cxd4 e5 10. dxe5 dxe5 11. O-O exf4 12. exf4 Bf5 13. Nc3 Qb6+ 14. Kh1 Rad8 15. Rf3 Rfe8 16. h3 Ne4 17. Be3 Nd4 18. Bxd4 Rxd4 19. Qf1 Nd2 20. Qf2 Nxf3 21. Qxf3 Rxe2 22. Qxe2 Rxd3 23. Qe8+ Bf8 24. Re1 Rd8 25. Qe5 Qd4 26. Qc7 Qd6 27. Qxb7 Qxf4 28. Nd5 Qd6 29. Rd1 Be4 0-1


[Site "https://www.chess.com"]

[Event "Titled Tuesday Blitz June 27 Early 2023"]
[White "Sjugirov, Sanan"]
[Black "Deng, Henry"]
[WhiteFideId "4189302"]
[BlackFideId "30965454"]
[WhiteElo "2974"]
[BlackElo "2530"]
[Result "1-0"]
[Round "1"]
[TimeControl "180+2"]
[Date "2023.06.27"]
[WhiteClock "0:00:06"]
[BlackClock "0:00:00"]
[Board "19"]

1. d4 d5 2. c4 e6 3. Nc3 Nf6 4. cxd5 exd5 5. Bg5 Be7 6. e3 c6 7. Bd3 O-O 8. Nge2 Re8 9. Qc2 h6 10. Bh4 a5 11. O-O Na6 12. a3 Nc7 13. Bg3 Bd6 14. Rad1 Qe7 15. Bxd6 Qxd6 16. Ng3 Bd7 17. Na4 Ne6 18. Rb1 Rab8 19. Rfc1 Red8 20. b4 b5 21. Nc5 Nxc5 22. Qxc5 Qxc5 23. Rxc5 axb4 24. axb4 Ra8 25. Rc3 Ne8 26. Bf5 Ra6 27. Bxd7 Rxd7 28. Rbc1 Rc7 29. e4 dxe4 30. Nxe4 Ra4 31. Rb1 Re7 32. f3 Ra2 33. Rxc6 f5 34. Ng3 Nf6 35. Rc5 f4 36. Re5 Rc7 37. Ne2 Rcc2 38. Kf1 g5 39. Re1 Rab2 40. Rxb5 g4 41. Rf5 Kg7 42. Rxf4 gxf3 43. gxf3 Rxb4 44. Rh4 Rbb2 45. Rf4 Nd5 46. Re4 Nc3 47. Re3 Nd5 48. Re5 Nc3 49. Re7+ Kf6 50. Re3 Nd5 51. Re5 Nc3 52. Kf2 Rd2 53. Re3 Nd1+ 54. Rxd1 Rxd1 55. Re4 Rdd2 56. h3 Kf5 57. Rf4+ Kg5 58. Re4 Kf5 59. h4 Kf6 60. Rf4+ Kg6 61. Re4 Kf5 62. Rf4+ Ke6 63. Re4+ Kd5 64. Ke1 Rdc2 65. Nf4+ Kd6 66. Ne2 Kd5 67. h5 Rb1+ 68. Kf2 Rbb2 69. Kf1 Rb1+ 70. Kf2 Rbb2 71. Re5+ Kd6 72. Re3 Kd5 73. Re4 Kd6 74. f4 Kd5 75. Re3 Rd2 76. f5 1-0


[Site "https://www.chess.com"]

[Event "Titled Tuesday Blitz June 27 Early 2023"]
[White "Yaniuk, Volodymyr"]
[Black "Van Foreest, Jorden"]
[WhiteFideId "14133083"]
[BlackFideId "1039784"]
[WhiteElo "2528"]
[BlackElo "2973"]
[Result "0-1"]
[Round "1"]
[TimeControl "180+2"]
[Date "2023.06.27"]
[WhiteClock "0:00:03"]
[BlackClock "0:01:16"]
[Board "20"]

1. d4 Nf6 2. c4 a6 3. e3 e6 4. Nc3 d5 5. cxd5 exd5 6. Bd3 Bd6 7. Nf3 O-O 8. O-O Re8 9. b3 Bg4 10. Bb2 Nbd7 11. Ne2 c6 12. Ng3 Ne4 13. Be2 Nxg3 14. hxg3 Nf6 15. Nd2 Bxe2 16. Qxe2 Ne4 17. Nxe4 Rxe4 18. a4 Qg5 19. Qf3 h5 20. Ba3 Bc7 21. Rac1 Rae8 22. b4 R8e6 23. Rc5 h4 24. gxh4 Qxh4 25. g3 Qh3 26. Qg2 Qf5 27. b5 Rh6 28. bxa6 bxa6 29. Rfc1 Qg6 30. Bb4 Re6 31. Be1 Qf5 32. R5c3 Qg4 33. Kf1 Ba5 34. Rb3 Bxe1 35. Rxe1 Ref6 36. Kg1 Rh3 37. Rb8+ Kh7 38. Re8 Rfh6 39. Re5 f6 40. Re8 Qh5 41. g4 Rh1+ 0-1


[Site "https://www.chess.com"]

[Event "Titled Tuesday Blitz June 27 Early 2023"]
[White "Makarian, Rudik"]
[Black "slidingknight2775"]
[WhiteFideId "44105681"]
[WhiteElo "2972"]
[BlackElo "2528"]
[Result "1-0"]
[Round "1"]
[TimeControl "180+2"]
[Date "2023.06.27"]
[WhiteClock "0:00:51"]
[BlackClock "0:00:00"]
[Board "21"]

1. d4 Nf6 2. c4 e6 3. Nf3 d5 4. g3 Be7 5. Bg2 O-O 6. Nc3 dxc4 7. Ne5 Nc6 8. Bxc6 bxc6 9. Nxc6 Qe8 10. Nxe7+ Qxe7 11. Qa4 c5 12. dxc5 Qxc5 13. Be3 Qc7 14. Qa3 Bb7 15. f3 Nd5 16. Nxd5 Bxd5 17. Qc5 Rfc8 18. Qxc7 Rxc7 19. Bd4 f6 20. Kf2 e5 21. Bc3 Kf7 22. g4 Be6 23. Rad1 Rc6 24. h4 Rac8 25. Rd2 h5 26. g5 R6c7 27. Rd6 Rc6 28. Rd2 R8c7 29. Rhd1 Rc8 30. Kg3 R8c7 31. Rd6 Bf5 32. Rd8 Bc8 33. Rh8 Kg6 34. gxf6 gxf6 35. Rdd8 Be6 36. Kf2 Rd7 37. Rxd7 Bxd7 38. Ra8 a6 39. Rd8 Be6 40. Ke3 Bf7 41. a4 Be6 42. a5 Bf7 43. Rd1 Be6 44. f4 exf4+ 45. Kxf4 Bg4 46. Rd2 Re6 47. e4 Rc6 48. Rd5 Re6 49. Rc5 Rd6 50. Rxc4 Re6 51. Rd4 Kf7 52. Rd7+ Re7 53. Rd8 Re6 54. b4 Be2 55. e5 fxe5+ 56. Bxe5 Bb5 57. Rh8 Kg6 58. Rg8+ Kf7 59. Rg7+ Kf8 60. Rh7 Be2 61. Ra7 Bb5 62. Kf5 Rc6 63. Bd4 Ke8 64. Kg5 Be2 65. Bc5 Bg4 66. Kf4 Kd8 67. Ke5 Kc8 68. Rg7 Be2 69. Kd5 Bf3+ 70. Kd4 Rc7 71. Rg8+ Kb7 72. Bd6 Rd7 73. Kc5 Ka7 74. Rg6 Be4 75. Rf6 Bb7 76. Rf5 Rh7 77. Re5 Bc8 78. Be7 Bb7 79. Bg5 Bc8 80. Be3 Kb8 81. Kc4 Bb7 82. Re8+ Kc7 83. Bf4+ Kd7 84. Re5 Bc6 85. Kc5 Bb7 86. Kb6 Kc8 87. Rc5+ 1-0


[Site "https://www.chess.com"]